 Dungeon Crawl Stone Soup version 0.29-a0-110-g189f89ecda (webtiles) character file.

Game seed: 17536684955059399305

648 EiAlmux the Conjurer (level 7, -4/40 HPs)
             Began as a Deep Elf Conjurer on Feb 17, 2022.
             Slain by a killer bee (7 damage)
             ... on level 8 of the Dungeon.
             The game lasted 00:13:15 (4575 turns).

EiAlmux the Conjurer (Deep Elf Conjurer)            Turns: 4575, Time: 00:13:15

Health: -4/40      AC:  2    Str:  4    XL:     7   Next: 27%
Magic:  15/17      EV: 13    Int: 25    God:
Gold:   137        SH:  0    Dex: 13    Spells: 8/17 levels left

rFire   . . .      SeeInvis .   e - +0 dagger
rCold   . . .      Faith    .   (no shield)
rNeg    . . .      Spirit   .   a - +0 robe
rPois   .          Reflect  .   (no helmet)
rElec   .          Harm     .   (no cloak)
rCorr   .          Rampage  .   (no gloves)
Will    .....                   (no boots)
Stlth   +++.......              p - amulet of the acrobat
HPRegen 0.13/turn               d - ring of wizardry
MPRegen 0.15/turn               (no ring)

@: lethally poisoned (-4 -> -18)
A: no striking features
a: no special abilities


You were on level 8 of the Dungeon.
You visited 1 branch of the dungeon, and saw 9 of its levels.

You collected 137 gold pieces.

Inventory:

Hand Weapons
 e - a +0 dagger (weapon)
Armour
 a - a +0 robe (worn)
Jewellery
 d - a ring of wizardry (left hand)
 k - a ring of protection from fire
 o - a +6 ring of intelligence
 p - an amulet of the acrobat (around neck)
Wands
 s - a wand of paralysis (4)
Scrolls
 b - 2 scrolls of fear {unknown}
 i - a scroll of enchant armour {unknown}
 j - a scroll of holy word {unknown}
 l - a scroll of immolation {unknown}
 m - a scroll of fog {unknown}
 q - a scroll of vulnerability {unknown}
Potions
 c - 2 potions of heal wounds
 f - 2 potions of resistance
 g - a potion of curing
 h - 3 potions of haste {unknown}
 n - a potion of degeneration {unknown}
 r - a potion of attraction {unknown}


   Skills:
 - Level 2.0 Fighting
 * Level 4.5 Dodging
 * Level 4.9 Stealth
 + Level 5.7 Spellcasting
 + Level 6.0 Conjurations
 - Level 3.0 Hexes
 * Level 0.0 Transmutations


You had 8 spell levels left.
You knew the following spells:

 Your Spells              Type           Power      Damage    Failure   Level
a - Magic Dart            Conj           100%       1d8       1%          1
b - Searing Ray           Conj           74%        2d7       1%          2
c - Fulminant Prism       Conj/Hex       14%        3d9       4%          4
d - Passwall              Tmut/Erth      5%         N/A       4%          2

Your spell library contained the following spells:

 Spells                   Type           Power      Damage    Failure   Level
 Dazzling Flash           Conj/Hex       58%        N/A       1%          3
 Ensorcelled Hibernation  Hex/Ice        28%        N/A       2%          2
 Frozen Ramparts          Ice            14%        1d3       9%          3
 Swiftness                Air            7%         N/A       9%          3
 Cause Fear               Hex            11%        N/A       9%          4
 Iskenderun's Mystic Bla  Conj/Tloc      22%        2d6       9%          4
 Fireball                 Conj/Fire      11%        3d7       24%         5
 Ice Form                 Ice/Tmut       7%         N/A       28%         4
 Summon Ice Beast         Ice/Summ       7%         N/A       28%         4
 Starburst                Conj/Fire      11%        6d5       77%         6
 Dragon Form              Tmut           3%         N/A       100%        7
 Ignition                 Fire           3%         3d4       100%        8
 Dragon's Call            Summ           3%         N/A       100%        9


Dungeon Overview and Level Annotations

Branches:
Dungeon (9/15)                Orc (0/2) D:9
 Temple: D:4-7         Lair: D:8-11

Altars:
Okawaru

Annotations:
D:4 Sigmund
D:5 exclusion: sky beast
D:6 exclusions: ice beast and sky beast, Duvessa, Prince Ribbit
D:7 Harold
D:9 exclusions: steam dragon and wyvern


Message History

Really walk into a travel-excluded area? 2 gnolls come into view.
The gnoll shouts!
You hear an angry hiss.
You hear a shout! x2
An orc comes into view. It is wielding a +0 club.
A gnoll comes into view. It is wielding a +0 spear.
An orc warrior and an orc wizard come into view.
The gnoll shouts! x2; The orc wizard shouts!
A wyvern comes into view.
The orc wizard moves out of view.
An orc comes into view.
It is wielding a +0 whip and carrying a wand of iceblast (7).
Found a book of Sloth.
There is a stone staircase leading up here.
The gnoll barely misses you.
You climb upwards.
The killer bee closely misses you. The killer bee stings you!
You are poisoned.
The killer bee poisons you! The killer bee closely misses you.
The killer bee stings you. The killer bee barely misses you.
The killer bee stings you! The killer bee completely misses you.
The killer bee barely misses you. The killer bee closely misses you.
There is a stone staircase leading down, spattered with blood here.
Casting: Fulminant Prism (dangerous; 4% risk of failure)
Confirm with . or Enter, or press ? or * to list all spells.
Aiming: Passwall (safe; 4% risk of failure)
Press: ? - help, Dir - move target A rock wall.
You feel sick. The killer bee stings you.
The killer bee stings you but does no damage.
The killer bee barely misses you. x2; The killer bee stings you.
You are lethally poisoned!
The killer bee poisons you! The killer bee barely misses you.
You begin to meditate on the wall.
You continue meditating on the rock.
* * * LOW HITPOINT WARNING * * *
You feel very sick. The killer bee barely misses you.
The killer bee stings you.
* * * LOW HITPOINT WARNING * * *
The killer bee stings you.
* * * LOW HITPOINT WARNING * * *
The killer bee stings you!
You die...

#...#......##....
###....(.#.......##..
.......................
.................. ... ....
###..#............ .. ....
...............#.###.# ...##
..#................... .....
#......<.....#y.....###y...
..#..#.......#@y###.....##
.............##y.#.......#..#
..#..........#.K.KO.....)....
.................#.(...#K..K
..#..#............##...## . .
................#.....#
.#..........#............
........###..#.......#.
#...##. ..###....?## .


You could see a two-headed ogre, a kobold brigand, 3 killer bees and a kobold.

Vanquished Creatures
  A bullfrog (D:7)
  A kobold brigand (D:7)
  A killer bee (D:8)
  A howler monkey (D:7)
  2 centaur zombies
  2 jellies (D:5)
  A bullfrog skeleton (D:5)
  An orc priest (D:5)
  An orc wizard (D:3)
  A hound skeleton (D:5)
  4 gnolls (D:5)
  8 adders
  A white imp (D:7)
  A worm (D:2)
  2 dart slugs
  6 orcs
  6 ball pythons
  7 bats
  9 endoplasms
  3 giant cockroaches
  10 goblins
  4 hobgoblins
  2 jackals (D:2)
  3 quokkas
  3 frilled lizards
  14 kobolds
  7 rats
102 creatures vanquished.

Vanquished Creatures (others)
  9 fulminant prisms
9 creatures vanquished.

Grand Total: 111 creatures vanquished

Notes
Turn   | Place    | Note
-------+----------+-------------------------------------------
     0 | D:1      | EiAlmux the Deep Elf Conjurer began the quest for the Orb.
     0 | D:1      | Reached XP level 1. HP: 10/10 MP: 6/6
   214 | D:1      | Reached XP level 2. HP: 16/16 MP: 4/8
   217 | D:1      | Learned a level 2 spell: Searing Ray
   340 | D:1      | Reached skill level 1 in Fighting
   706 | D:1      | Reached XP level 3. HP: 20/20 MP: 6/10
  1104 | D:2      | Reached skill level 1 in Hexes
  1447 | D:2      | Reached XP level 4. HP: 26/26 MP: 7/11
  2114 | D:3      | Reached skill level 5 in Conjurations
  2389 | D:3      | Reached XP level 5. HP: 30/30 MP: 6/13
  2482 | D:3      | Found a faded altar of an unknown god.
  2701 | D:4      | Noticed Sigmund
  2746 | D:4      | Found an iron altar of Okawaru.
  2908 | D:5      | Entered Level 5 of the Dungeon
  2956 | D:5      | Learned a level 4 spell: Fulminant Prism
  2959 | D:5      | Learned a level 2 spell: Passwall
  3046 | D:5      | Reached skill level 5 in Spellcasting
  3179 | D:5      | Reached XP level 6. HP: 35/35 MP: 11/15
  3583 | D:5      | Noticed a sky beast
  3783 | D:6      | Noticed Duvessa
  3861 | D:6      | Noticed Prince Ribbit
  3862 | D:6      | Noticed an ice beast
  3869 | D:6      | Noticed a sky beast
  3915 | D:7      | Reached XP level 7. HP: 25/40 MP: 1/17
  4271 | D:7      | Noticed Harold
  4414 | D:8      | Reached skill level 6 in Conjurations
  4418 | D:8      | Noticed a two-headed ogre
  4521 | D:9      | Noticed a steam dragon
  4552 | D:9      | Noticed a wyvern
  4553 | D:9      | Found a staircase to the Orcish Mines.
  4563 | D:9      | Noticed a wyvern
  4575 | D:8      | Slain by a killer bee

Illustrated notes

Levels and vault maps discovered:
D:1:      dpeg_arrival_shrine, layout_loops_ring, minmay_shallow_snake_nest
D:2:      cheibrodos_helix_gallery, layout_rooms, amcnicky_mini_pool_small
D:3:      layout_basic, hellmonk_ecumenical_altar_inner_sanctum, minivault_25
D:4:      layout_gridville, worldfamousw_hep_ancestral_shrine, okawaru_trees_1,
          minmay_temple_entry_gardened_gates, grunt_decor_fettered,
          minmay_misc_feat_five, minmay_misc_feat_roman,
          roderic_serpentine_path, uniq_sigmund
D:5:      layout_gridville, lightli_temple_of_fire
D:6:      layout_basic, nicolae_overflow_crystal_walls, uniq_prince_ribbit1,
          uniq_duvessa, uniq_pikel
D:7:      layout_loops_ring, minmay_fountain_box, uniq_harold
D:8:      nicolae_cairo_tiling_large_dashed, layout_basic,
          mainiacjoe_overflow_large_starburst, item_on_display_a
D:9:      layout_rooms, lemuel_crystal_altar, tso_metal_star, orc_0_dummy,
          minmay_variable_closet, uniq_maggie

Skill      XL: |  1  2  3  4  5  6  7 |
---------------+----------------------+-----
Fighting       | 1 2 |  2.0
Hexes          | 1 2 3 |  3.0
Spellcasting   | 4 5 |  5.7
Conjurations   | 5 6 |  6.0
Dodging        | 3 4 |  4.5
Stealth        | 3 4 |  4.9

Action                   |  1- 3 |  4- 6 |  7- 9 || total
-------------------------+-------+-------+-------++-------
 Cast: Magic Dart        |    89 |   111 |     3 ||   203
       Searing Ray       |     1 |     7 |     3 ||    11
       Fulminant Prism   |       |     5 |     4 ||     9
       Passwall          |       |       |     1 ||     1
  Use: Scroll            |       |     3 |       ||     3
Armor: Robe              |     1 |     1 |     1 ||     3
Dodge: Dodged            |     3 |    20 |    16 ||    39

Table legend: (Time is in decaauts)
 A = Elapsed time spent in this place.
 B = Non-inter-level travel time spent in this place.
 C = Inter-level travel time spent in this place.
 D = Time resting spent in this place.
 E = Time spent auto-exploring this place.
 F = Levels seen in this place.
 G = Mean time per level.
                   A        B        C        D        E       F      G
               +--------+--------+--------+--------+--------+-----+--------+
         Total |   4577 |   4389 |    188 |    446 |   3214 |   9 |  508.6 |
       Dungeon |   4577 |   4389 |    188 |    446 |   3214 |   9 |  508.6 |
               +--------+--------+--------+--------+--------+-----+--------+

Top non-repeatable levels by time:
     D:1: 1092 daAuts
     D:3: 1018 daAuts
     D:5: 753 daAuts
     D:2: 660 daAuts
     D:7: 491 daAuts
     D:6: 219 daAuts
     D:9: 151 daAuts
     D:4: 138 daAuts
     D:8: 49 daAuts
